 Dungeon Sprint DCSS version 0.30.1-11-g7821555f0a (webtiles) character file.

Game seed: 11409894730614436151

4398 Groucho the Alchemist (level 10, -7/51 HPs)
             Began as a Spriggan Enchanter on Jan 1, 2024.
             Was a Believer of Dithmenos.
             Shot with a bolt by a yaktaur (30 damage)
             ... in the Dungeon (Sprint II: "The Violet Keep of Menkaure").
             The game lasted 00:07:43 (367 turns).

Groucho the Alchemist (Spriggan Enchanter)           Turns: 367, Time: 00:07:43

Health: -7/51      AC:  2    Str:  4    XL:     10   Next: 13%
Magic:  13/18      EV: 21    Int: 21    God:    Dithmenos [**....]
Gold:   366        SH:  0    Dex: 16    Spells: 2/19 levels left

rFire   + . .        a - +1 dagger
rCold   . . .        (no shield)
rNeg    . . .        b - +0 robe
rPois   .            (helmet restricted)
rElec   .            (no cloak)
rCorr   .            (gloves unavailable)
SInv    +            (boots unavailable)
Will    +....        (no amulet)
Stlth   ++++++++     e - ring of flight
HPRegen 0.28/turn    f - ring of protection from fire
MPRegen 0.16/turn

%: no teleportation
@: flying, wreathed by umbra, invisible, very quick
A: very small, no large weapons, unfitting armour, see invisible, speed 3
a: Renounce Religion, Shadow Step


You were in the Dungeon.
You worshipped Dithmenos.
Dithmenos was pleased with you.
You visited 1 branch You collected 1215 gold pieces.
You spent 849 gold pieces at shops.

Inventory:

Hand Weapons
 a - a +1 dagger (weapon)
Armour
 b - a +0 robe (worn)
Jewellery
 e - a ring of flight (left hand)
 f - a ring of protection from fire (right hand)
Wands
 l - a wand of paralysis (8)
Scrolls
 i - a scroll of blinking
 j - a scroll of fog {unknown}
 k - a scroll of identify {unknown}
Potions
 d - a potion of curing
 g - 2 potions of magic
 h - a potion of berserk rage


   Skills:
 - Level 5.0 Fighting
 - Level 10.0 Short Blades
 - Level 7.0 Dodging
 - Level 15.0 Stealth
 - Level 5.0 Spellcasting
 + Level 2.6 Conjurations
 - Level 14.0 Hexes
 + Level 17.6 Transmutations
 + Level 1.7 Earth Magic


You had 2 spell levels left.
You knew the following spells:

 Your Spells              Type           Power      Damage    Failure   Level
a - Ensorcelled Hibernat  Hex/Ice        68%        N/A       1%          2
b - Confusing Touch       Hex            59%        N/A       1%          3
c - Dazzling Flash        Conj/Hex       80%        N/A       1%          3
d - Petrify               Tmut/Erth      46%        N/A       1%          4
e - Irradiate             Conj/Tmut      23%        3d19      4%          5

Your spell library contained the following spells:

 Spells                   Type           Power      Damage    Failure   Level
 Sublimation of Blood     Necr           5%         N/A       16%         2
 Tukima's Dance           Hex            59%        N/A       1%          3


Dungeon Overview and Level Annotations

Branches:
Dungeon (1/1)

Altars:
Cheibriados
Dithmenos
Elyvilon
Fedhas
Gozag
Hepliaklqana
Kikubaaqudgha
Makhleb
Nemelex Xobeh
Okawaru
Qazlal
Ru
Sif Muna
Trog
Uskayaw
Vehumet
Wu Jian
Xom
Yredelemnul
Zin
The Shining One
Jiyva
Lugonu

Shops:
D :[:[!=(=?([*:=!

Annotations:
D exclusion: oklob plant


Innate Abilities, Weirdness & Mutations

You are very small and have problems with some larger weapons.
You are too small for most types of armour.
You have supernaturally acute eyesight. (SInv)
You cover ground extremely quickly. (Speed+++)


Message History

Unknown command.
The polar bear growls angrily.
You hit the polar bear but do no damage.
You barely miss the polar bear.
You catch the helpless polar bear completely off-guard!
You stick the polar bear like a pincushion!!!
You kill the polar bear!
Dithmenos accepts your kill.
Your Earth Magic skill increases to level 1!
The polar bear closely misses you. The polar bear claws you.
The polar bear barely misses you.
You see here a polar bear corpse.
You are too injured to fight recklessly!
You are too injured to fight recklessly!
Unknown command.
You hit the polar bear but do no damage.
The polar bear is moderately wounded.
The polar bear completely misses you. The polar bear closely misses you.
The polar bear completely misses you.
You hit the polar bear but do no damage.
The polar bear is moderately wounded.
The hornet buzzes angrily.
You hit the polar bear but do no damage.
The polar bear is moderately wounded.
The yaktaur shoots a bolt.
The bolt hits the hornet!!
The hornet dies!
You hit the polar bear but do no damage.
The polar bear is moderately wounded.
You barely miss the polar bear.
The polar bear is moderately wounded.
You hear an angry growl.
The polar bear completely misses you. x3; The yaktaur shoots a bolt.
The bolt hits the polar bear!!
The polar bear dies!
You see here a polar bear corpse.
You hit the polar bear but do no damage.
The polar bear misses you. The polar bear barely misses you.
The polar bear claws you.
The yaktaur shoots a bolt.
The bolt hits you!!
Ouch! That really hurt!
You die...

####..^.# .. #(.'....#
##..#..####.#
.##.####..'.### ..#
...#..#^..####
.####..#####^.##$# $$$
###.##..#.†'..#.c#▓($?(?
##.#.#..#..#..#h.#▓$$$!$!
.'###'..####..##@#▓$:($[:
##.#.#....###...##▓▓▓▓▓▓▓
###.##......~~~~~~~~~~~~~
.####~~.....~#'########+#
#.#~~~~~~~..~#.._._._.#§~
.##~~§§§~§~.~#._._._..#§~
##~~~≈§≈§§~~~#_._._._.#§~
~~~~~≈§§§§§§#._._._._#~§
++#~§§≈≈§≈§~#.._._._.#§~


You could see a polar bear (unable to see you) and a yaktaur (unable to see
you).

Vanquished Creatures
  A deep elf master archer (D)
  A fire dragon (D)
  A merfolk siren (D)
  2 cane toads (D)
  A polar bear (D)
  4 wyverns (D)
  4 neqoxecs (D)
  Menkaure (D)
  4 necrophages (D)
19 creatures vanquished.

Vanquished Creatures (others)
  A polar bear (D)
  A hornet (D)
  A water moccasin (D)
3 creatures vanquished.

Grand Total: 22 creatures vanquished

Notes
Turn   | Place    | Note
-------+----------+-------------------------------------------
     0 | D        | Groucho the Spriggan Enchanter began the quest for the Orb.
     0 | D        | Reached XP level 1. HP: 9/9 MP: 5/5
     3 | D        | Noticed a merfolk siren
     6 | D        | Noticed a necrophage
     6 | D        | Noticed a necrophage
     6 | D        | Noticed a necrophage
     6 | D        | Noticed a necrophage
    10 | D        | Killed a necrophage
    11 | D        | Reached skill level 5 in Hexes
    11 | D        | Reached XP level 2. HP: 15/15 MP: 6/8
    11 | D        | Reached XP level 3. HP: 18/18 MP: 6/9
    14 | D        | Killed a necrophage
    15 | D        | Reached skill level 5 in Short Blades
    15 | D        | Reached skill level 5 in Dodging
    15 | D        | Reached skill level 5 in Spellcasting
    15 | D        | Reached XP level 4. HP: 24/24 MP: 7/12
    21 | D        | Killed a necrophage
    22 | D        | Reached skill level 10 in Stealth
    22 | D        | Reached XP level 5. HP: 30/30 MP: 7/13
    23 | D        | Reached skill level 5 in Fighting
    28 | D        | Noticed a neqoxec
    31 | D        | Killed a neqoxec
    32 | D        | Reached skill level 15 in Stealth
    32 | D        | Reached XP level 6. HP: 35/35 MP: 8/14
    32 | D        | Noticed a neqoxec
    33 | D        | Killed a neqoxec
    34 | D        | Noticed a neqoxec
    34 | D        | Noticed a neqoxec
    36 | D        | Killed a neqoxec
    37 | D        | Reached XP level 7. HP: 39/39 MP: 8/15
    38 | D        | Killed a neqoxec
    47 | D        | Noticed a wyvern
    47 | D        | Noticed a wyvern
    50 | D        | Killed a wyvern
    51 | D        | Reached skill level 10 in Hexes
    53 | D        | Killed a wyvern
    54 | D        | Reached skill level 10 in Short Blades
    54 | D        | Reached XP level 8. HP: 43/43 MP: 9/16
    60 | D        | Killed a merfolk siren
   126 | D        | Learned a level 2 spell: Ensorcelled Hibernation
   146 | D        | Found Pys Eduv's Book Shop.
   146 | D        | Found Fural's Magic Scroll Boutique.
   146 | D        | Found Zifuk's Distillery.
   146 | D        | Found Ifreplet's Antique Weapon Boutique.
   146 | D        | Found Turaz's General Store.
   146 | D        | Found Rues's Jewellery Boutique.
   151 | D        | Learned a level 3 spell: Confusing Touch
   155 | D        | Learned a level 3 spell: Dazzling Flash
   155 | D        | Found Qiniull's Armour Shop.
   155 | D        | Found Tanom's Jewellery Boutique.
   156 | D        | Found Qipor's Weapon Shop.
   156 | D        | Found Upecw's Jewellery Boutique.
   156 | D        | Noticed Menkaure
   177 | D        | Killed Menkaure
   178 | D        | Reached skill level 1 in Conjurations
   179 | D        | Found Conora's Distillery.
   179 | D        | Found Keuj's Antique Armour Shop.
   179 | D        | Noticed an oklob plant
   179 | D        | Noticed a polar bear
   180 | D        | Found Tucah's Antique Armour Shop.
   180 | D        | Found Unalio's Book Shoppe.
   180 | D        | Found Xalihes's Book Boutique.
   189 | D        | Noticed a polar bear
   225 | D        | Bought a ring of flight for 210 gold pieces
   230 | D        | Bought a ring of protection from fire for 275 gold pieces
   234 | D        | Bought a book of Alchemy for 364 gold pieces
   239 | D        | Learned a level 4 spell: Petrify
   245 | D        | Learned a level 5 spell: Irradiate
   264 | D        | Found a hazy altar of Hepliaklqana.
   264 | D        | Found a snail-covered altar of Cheibriados.
   265 | D        | Found a stormy altar of Qazlal.
   265 | D        | Found a viscous altar of Jiyva.
   265 | D        | Found a shadowy altar of Dithmenos.
   266 | D        | Found a sacrificial altar of Ru.
   266 | D        | Found an ancient bone altar of Kikubaaqudgha.
   266 | D        | Found a white marble altar of Elyvilon.
   267 | D        | Found an ornate altar of the Wu Jian Council.
   267 | D        | Found a shimmering blue altar of Sif Muna.
   267 | D        | Found a corrupted altar of Lugonu.
   268 | D        | Found a shimmering altar of Xom.
   268 | D        | Found a bloodstained altar of Trog.
   268 | D        | Found a burning altar of Makhleb.
   269 | D        | Found a glowing golden altar of the Shining One.
   269 | D        | Found a basalt altar of Yredelemnul.
   269 | D        | Found a hide-covered altar of Uskayaw.
   271 | D        | Found a glowing silver altar of Zin.
   271 | D        | Found a radiant altar of Vehumet.
   271 | D        | Found a blossoming altar of Fedhas.
   271 | D        | Found a sparkling altar of Nemelex Xobeh.
   272 | D        | Found an opulent altar of Gozag.
   272 | D        | Found an iron altar of Okawaru.
   280 | D        | Became a worshipper of Dithmenos the Shadowed
   290 | D        | Noticed a cane toad
   291 | D        | Noticed a cane toad
   292 | D        | Killed a cane toad
   293 | D        | Reached skill level 4 in Transmutations
   294 | D        | Killed a cane toad
   295 | D        | Reached skill level 8 in Transmutations
   295 | D        | Reached XP level 9. HP: 47/47 MP: 17/17
   304 | D        | Noticed a fire dragon
   306 | D        | Killed a fire dragon
   306 | D        | Reached * piety under Dithmenos
   307 | D        | Reached skill level 13 in Transmutations
   318 | D        | Noticed a deep elf master archer
   323 | D        | Killed a deep elf master archer
   324 | D        | Reached skill level 16 in Transmutations
   333 | D        | Reached skill level 17 in Transmutations
   333 | D        | Reached XP level 10. HP: 51/51 MP: 15/18
   334 | D        | Reached ** piety under Dithmenos
   358 | D        | Reached skill level 1 in Earth Magic
   367 | D        | Shot with a bolt by a yaktaur

Illustrated notes

Levels and vault maps discovered:
D:        the_violet_keep_of_menkaure [sprint2_stairs_cluster_1,
          sprint2_shoproom, sprint2_temple, sprint2_basic_supplies,
          sprint2_obstacle_2, sprint2_obstacle_7, sprint2_obstacle_5,
          sprint2_obstacle_4, sprint2_obstacle_1, sprint2_timed_cluster_1,
          sprint2_smallroom_cluster_1, sprint2_smallroom_final_cluster_1,
          sprint2_transparent_cluster_1, sprint2_second_timed_cluster_1,
          sprint2_sniper_area_1, sprint2_heavy_combat_area_1,
          sprint2_mutation_trap_area_1, sprint2_forest_area_1,
          sprint2_light_combat_area_1, sprint2_behind_water_1,
          sprint2_near_end_vault_1]

Skill      XL: |  1  2  3  4  5  6  7  8  9 10 |
---------------+-------------------------------+-----
Fighting       | 2 3 4 5 |  5.0
Short Blades   | 3 5 8 10 | 10.0
Dodging        | 4 5 7 |  7.0
Stealth        | 6 8 10 15 | 15.0
Spellcasting   | 4 5 |  5.0
Hexes          | 5 8 11 14 | 14.0
Conjurations   | 2 |  2.6
Transmutations | 8 17 | 17.6
Earth Magic    | 1 |  1.7

Action                     |  1- 3 |  4- 6 |  7- 9 | 10-12 || total
---------------------------+-------+-------+-------+-------++-------
  Melee: Dagger            |     5 |    11 |    16 |    12 ||    44
   Cast: Confusing Touch   |       |       |     1 |     1 ||     2
         Ensorcelled Hiber |       |       |     1 |     1 ||     2
    Use: Potion            |     2 |       |     2 |       ||     4
   Stab: Sleeping          |     1 |     3 |     9 |     1 ||    14
         Invisible         |     2 |     3 |       |     2 ||     7
         Confused          |       |       |     1 |       ||     1
  Dodge: Dodged            |     2 |     3 |     2 |    16 ||    23
